 Dungeon Crawl Stone Soup version 0.31-a0-1499-ge0622b2318 (webtiles) character file.

Game seed: 15010165078522160390

3347 dialectric the Ducker (level 9, -10/88 HPs)
             Began as a Troll Shapeshifter on Dec 30, 2023.
             Mangled by a cyclops (32 damage)
             ... on level 7 of the Dungeon.
             The game lasted 00:07:25 (5353 turns).

dialectric the Ducker (Troll Shapeshifter)          Turns: 5353, Time: 00:07:26

Health: -10/88     AC:  5    Str: 28    XL:     9   Next: 72%
Magic:  8/8        EV: 13    Int:  6    God:
Gold:   254        SH:  0    Dex: 15    Spells: 8/8 levels left

rFire   . .          .
                       - Unarmed
rCold   . . .        (no shield)
rNeg    . . .        a - +1 animal skin
rPois   .            (helmet currently unavailable)
rElec   .            (cloak currently unavailable)
rCorr   .            (gloves unavailable)
SInv    .            (boots unavailable)
Will    .....        (no amulet)
Stlth   +            e - +6 ring of dexterity
HPRegen 1.14/turn    (no ring)
MPRegen 0.11/turn

%: no passive effects
@: beast-form
A: beast (slay +3), large, unfitting armour, claws 3, regeneration 1, shaggy fur
1, tough skin 1
a: Begin Untransformation


You were on level 7 of the Dungeon.
You were a hulking beast.
You visited 2 branches of the dungeon, and saw 8 of its levels.

You collected 326 gold pieces.
You spent 72 gold pieces at shops.

Inventory:

Hand Weapons
 y - a +3 flail of protection
Missiles
 s - 9 poisoned darts
Armour
 a - a +1 animal skin (worn)
Jewellery
 e - a +6 ring of dexterity (left claw)
Talismans
 c - a beast talisman
 d - a flux talisman
 t - a dragon-blood talisman
Wands
 f - a wand of paralysis (8)
 u - a wand of flame (8)
Scrolls
 g - 3 scrolls of identify
 h - 3 scrolls of vulnerability {unknown}
 i - 3 scrolls of blinking {unknown}
 k - 2 scrolls of teleportation
 l - 2 scrolls of poison {unknown}
 n - a scroll of fear {unknown}
 o - a scroll of fog {unknown}
 q - a scroll of enchant weapon {unknown}
 x - a scroll of torment {unknown}
Potions
 b - a potion of lignification
 j - a potion of heal wounds
 m - 2 potions of enlightenment
 p - a potion of degeneration {unknown}
 r - a potion of berserk rage {unknown}
 v - a potion of haste {unknown}
 w - a potion of brilliance {unknown}
 z - a potion of invisibility {unknown}


   Skills:
 + Level 5.1 Fighting
 + Level 0.8 Armour
 + Level 7.3 Dodging
 + Level 6.9 Unarmed Combat
 + Level 6.4 Shapeshifting


You had 8 spell levels left.
You didn't know any spells.
Your spell library contained the following spells:

 Spells                   Type           Power      Damage    Failure   Level
 Apportation              Tloc           0%         N/A       45%         1
 Freeze                   Ice            0%         1d3       45%         1
 Magic Dart               Conj           0%         1d3       45%         1
 Necrotise                Necr           0%         1d4       45%         1
 Sting                    Conj/Alch      0%         1d3       45%         1
 Summon Small Mammal      Summ           0%         N/A       45%         1
 Searing Ray              Conj           0%         2d4       58%         2
 Frozen Ramparts          Ice            0%         1d1       83%         3
 Hailstorm                Conj/Ice       0%         3d5       83%         3
 Fulminant Prism          Conj/Alch      0%         3d5       99%         4
 Haunt                    Necr/Summ      0%         N/A       100%        7
 Borgnjor's Revivificati  Necr           0%         N/A       100%        8
 Death's Door             Necr           0%         N/A       100%        9


Dungeon Overview and Level Annotations

Branches:
Dungeon (7/15)             Temple (1/1) D:7

Altars:
Ashenzari
Cheibriados
Dithmenos
Elyvilon
Fedhas
Gozag
Hepliaklqana
Kikubaaqudgha
Makhleb
Nemelex Xobeh
Okawaru
Qazlal
Sif Muna
Trog
Uskayaw
Vehumet
Wu Jian
Xom
Yredelemnul
Zin

Shops:
D:1 ?   D:5 (

Annotations:
D:4 4 runed translucent doors, Crazy Yiuf; venger's ghost, amateur HOFi


Innate Abilities, Weirdness & Mutations

You are a hulking beast.
Your limbs bulge with bestial killing power. (Slay +3)
You are too large for most types of armour.
You have claws for hands.
Your natural rate of healing is unusually fast.
You are covered in fur. (AC +1)
You have tough skin. (AC +1)


Message History

You hear some strange, mumbled words.
A magic dart appears from out of thin air!
The magic dart hits you!
No target in view!
No target in view!
No target in view!
No target in view!
No target in view!
No target in view!
No target in view!
You scratch something.
Reactivating autopickup.
You feel a bit more experienced.
Items here: )) [ ††.
HP restored.
Found a leather armour.
Key pressed, stopping explore.
No target in view!
You see here a +0 leather armour.
A cyclops comes into view.
No reachable target in view!
A cyclops is nearby!
No reachable target in view!
A cyclops is nearby!
No reachable target in view!
A two-headed ogre comes into view.
It is wielding a +0 giant club and a +0 giant spiked club.
Found a runed spear.
You claw the cyclops!
The cyclops is lightly wounded.
Unknown command.
You claw the cyclops!
The cyclops is heavily wounded.
The cyclops hits you!!
You claw the cyclops!
The cyclops is severely wounded.
The two-headed ogre hits you with a +0 giant club!
The two-headed ogre hits you with a +0 giant spiked club!!
* * * LOW HITPOINT WARNING * * *
The cyclops hits you!!
You die...

####.#....#...#..#.#
######...#.##...##.#.#######.#
...†.......#..#..#.......>.#.#
#########.##.#.#.##[..####.#.#
###### #..#...#...#...# #.#.# .
##...###.##..#.#..##..# #.#.###.
......#..#..#.#.#..#..####.......
##......##......^..##...##.......
###...#########Ch.#####..........
#...### #.#O## ###...)####
..###.. #.##. ###.).### ###...# .
#) ###...# #...# . ## ####.. ).#
.# #...## #...# #..###.. ###...#
#..###.... ..# #.. . #....##


You could see a two-headed ogre and a cyclops.

Vanquished Creatures
  Grinder (D:6)
  Sigmund (D:5)
  Eustachio (D:5)
  2 steam dragons (D:6)
  Menkaure (D:5)
  3 orc warriors
  A sky beast (D:7)
  3 ogres
  2 phantoms
  7 bullfrogs
  A gnoll sergeant (D:7)
  A kobold brigand (D:4)
  3 scorpions
  3 bombardier beetles
  7 hounds
  2 jellies (D:7)
  6 orc priests
  2 sleepcaps
  An iguana (D:6)
  3 orc wizards
  2 adders (D:4)
  7 gnolls
  2 ribbon worms
  2 shadow imps
  A white imp (D:6)
  2 ufetubi (D:6)
  A dart slug (D:2)
  30 orcs
  6 bats
  2 endoplasms
  2 giant cockroaches
  9 goblins
  5 hobgoblins
  3 jackals (D:1)
  3 kobolds
  2 quokkas
  4 ball pythons
  6 frilled lizards
  5 rats
145 creatures vanquished.

Notes
Turn   | Place    | Note
-------+----------+-------------------------------------------
     0 | D:1      | dialectric the Troll Shapeshifter began the quest for the
                  | Orb.
     0 | D:1      | Reached XP level 1. HP: 18/18 MP: 0/0
   107 | D:1      | Reached skill level 1 in Fighting
   330 | D:1      | Reached XP level 2. HP: 27/27 MP: 1/1
   559 | D:1      | Reached skill level 2 in Dodging
   791 | D:1      | Found Jituss's Magic Scroll Shop.
   795 | D:1      | Bought a scroll of teleportation for 36 gold pieces
   795 | D:1      | Bought a scroll of teleportation for 36 gold pieces
   921 | D:2      | Reached XP level 3. HP: 33/33 MP: 2/2
  1192 | D:2      | Identified the +0 leather armour of Hyulot {Fly rCorr}
  1228 | D:3      | Found an ancient bone altar of Kikubaaqudgha.
  1709 | D:3      | Reached XP level 4. HP: 32/41 MP: 3/3
  1883 | D:3      | You fall into a shaft and drop 3 floors!
  1897 | D:6      | Noticed Grinder
  1897 | D:6      | Noticed a bullfrog
  1916 | D:6      | Killed a bullfrog
  1917 | D:6      | Reached XP level 5. HP: 33/49 MP: 4/4
  1926 | D:6      | Killed Grinder
  1927 | D:6      | Reached skill level 3 in Dodging
  1927 | D:6      | Reached XP level 6. HP: 20/58 MP: 5/5
  1971 | D:6      | Found an ornate altar of the Wu Jian Council.
  2092 | D:6      | Reached skill level 4 in Dodging
  2116 | D:6      | Reached XP level 7. HP: 58/66 MP: 6/6
  2150 | D:6      | Noticed a steam dragon
  2245 | D:5      | Entered Level 5 of the Dungeon
  2319 | D:4      | Found a runed translucent door.
  2320 | D:4      | Noticed Crazy Yiuf
  2419 | D:4      | Reached skill level 5 in Unarmed Combat
  2436 | D:4      | Found a burning altar of Makhleb.
  2482 | D:4      | Found a runed translucent gate.
  2485 | D:4      | Found a runed translucent gate.
  2486 | D:4      | Found a runed translucent gate.
  2486 | D:4      | Noticed venger's ghost (amateur HOFi)
  2499 | D:4      | Reached skill level 5 in Dodging
  2573 | D:4      | Reached XP level 8. HP: 75/75 MP: 7/7
  2612 | D:4      | Found a basalt altar of Yredelemnul.
  2818 | D:4      | Reached skill level 5 in Shapeshifting
  3401 | D:5      | Noticed Sigmund
  3415 | D:5      | Killed Sigmund
  3800 | D:5      | Noticed Eustachio
  3824 | D:5      | Killed Eustachio
  3825 | D:5      | Reached skill level 6 in Dodging
  3868 | D:5      | Found Geow's Antique Weapon Emporium.
  3904 | D:5      | Found a broken altar of Ashenzari.
  3946 | D:5      | Noticed Menkaure
  3952 | D:5      | Killed Menkaure
  4075 | D:5      | Reached XP level 9. HP: 85/85 MP: 8/8
  4784 | D:7      | Found a snail-covered altar of Cheibriados.
  4821 | D:7      | Found a hazy altar of Hepliaklqana.
  4879 | D:7      | Reached skill level 7 in Dodging
  5040 | D:7      | Found a radiant altar of Vehumet.
  5055 | D:7      | Reached skill level 5 in Fighting
  5116 | D:7      | Found a staircase to the Ecumenical Temple.
  5148 | Temple   | Entered the Ecumenical Temple
  5276 | D:7      | Found a stormy altar of Qazlal.
  5347 | D:7      | Noticed a cyclops
  5350 | D:7      | Noticed a two-headed ogre
  5353 | D:7      | Mangled by a cyclops

Illustrated notes

Levels and vault maps discovered:
D:1:      sevenhm_arrival_forest_fort_large_2, layout_basic, serial_shops, shop,
          nicolae_figureground_sparkle
D:2:      layout_rooms, minivault_27
D:3:      layout_basic, mainiacjoe_overflow_catwalk, serial_rivers,
          chequers_serial_rivers_micro_a, chequers_serial_rivers_small_3,
          chequers_serial_rivers_micro_a, chequers_serial_rivers_room_a,
          chequers_serial_rivers_room_a
D:4:      layout_gridville, mainiacjoe_overflow_cross_hatched,
          mainiacjoe_overflow_small_starburst, gammafunk_ghost_nasty_kobolds,
          uniq_crazy_yiuf_cottage
D:5:      layout_loops_corners, mainiacjoe_overflow_chevrons, serial_shops,
          nicolae_shop_tiny_waterfront, chequers_mini_garden, uniq_eustachio,
          uniq_sigmund, uniq_menkaure
D:6:      layout_gridville, mainiacjoe_overflow_brackets, uniq_grinder
D:7:      minmay_the_grid_four_pointed_star [minmay_the_grid_triangle_9x9_cache,
          minmay_the_grid_triangle_9x9_steps,
          minmay_the_grid_triangle_9x9_limited_checkers,
          minmay_the_grid_triangle_9x9_longest,
          minmay_the_grid_prize_trominoes], layout_loops_ring,
          nicolae_ru_great_annihilating_truth, nicolae_vehumet_radiance,
          mainiacjoe_overflow_catch_the_wave, mainiacjoe_overflow_alcove_1,
          minmay_temple_entry_stoned_glass, minmay_misc_feat_nine_boxes
Temple:   minmay_temple_curvy_loop

Skill      XL: |  1  2  3  4  5  6  7  8  9 |
---------------+----------------------------+-----
Fighting       | 1 2 3 4 5 |  5.1
Dodging        | 2 3 4 5 6 7 |  7.3
Unarmed Combat | 4 5 6 |  6.9
Shapeshifting  | 4 5 6 |  6.4
Armour         | |  0.8

Action                     |  1- 3 |  4- 6 |  7- 9 || total
---------------------------+-------+-------+-------++-------
  Melee: Unarmed           |    87 |    42 |   234 ||   363
         Punch             |     2 |     1 |     7 ||    10
  Evoke: Wand              |       |       |     1 ||     1
    Use: Potion            |       |     1 |       ||     1
         Scroll            |       |       |     2 ||     2
   Stab: Sleeping          |       |       |     4 ||     4
 Armour: Animal skin       |    46 |    39 |   142 ||   227
  Dodge: Dodged            |    27 |    27 |   156 ||   210

Table legend: (Time is in decaauts)
 A = Elapsed time spent in this place.
 B = Non-inter-level travel time spent in this place.
 C = Inter-level travel time spent in this place.
 D = Time resting spent in this place.
 E = Time spent auto-exploring this place.
 F = Levels seen in this place.
 G = Mean time per level.
                   A        B        C        D        E       F      G
               +--------+--------+--------+--------+--------+-----+--------+
         Total |   5321 |   5135 |    186 |     25 |   3929 |   8 |  665.1 |
       Dungeon |   5233 |   5078 |    155 |     25 |   3904 |   7 |  747.6 |
        Temple |     87 |     56 |     31 |      0 |     25 |   1 |   87.0 |
               +--------+--------+--------+--------+--------+-----+--------+

Top non-repeatable levels by time:
     D:3: 1093 daAuts
     D:5: 911 daAuts
     D:1: 888 daAuts
     D:6: 769 daAuts
     D:4: 684 daAuts
     D:7: 551 daAuts
     D:2: 335 daAuts
  Temple: 87 daAuts
